 Dungeon Crawl Stone Soup version 0.19-a0-944-gb338e1e (webtiles) character file.

635 Implojin the Cleaver (level 7, -10/57 HPs)
             Began as a Minotaur Fighter on July 9, 2016.
             Was a Follower of Okawaru.
             Killed from afar by an electric eel (12 damage)
             ... with a bolt of electricity
             ... on level 7 of the Dungeon.
             The game lasted 00:05:20 (950 turns).

Implojin the Cleaver (Minotaur Fighter)              Turns: 950, Time: 00:05:20

Health: -10/57     AC:  8    Str: 21    XL:     7   Next: 25%
Magic:  6/6        EV:  2    Int:  5    God:    Okawaru [*.....]
Gold:   25         SH:  9    Dex: 11    Spells: 0 memorised, 6 levels left

rFire  . . .     SeeInvis .     a - +0 war axe
rCold  . . .     Gourm    .     b - +0 scale mail
rNeg   . . .     Faith    .     c - +0 shield
rPois  .         Spirit   .     (helmet restricted)
rElec  .         Dismiss  .     (no cloak)
rCorr  .         Reflect  .     k - +0 pair of gloves
SustAt .         Harm     .     (no boots)
MR     .....                    (no amulet)
Stlth  ..........               (no ring)
                                (no ring)

@: not resistant to hostile enchantments, extremely unstealthy
A: retaliatory headbutt, horns 2
a: Heroism, Renounce Religion


You were on level 7 of the Dungeon.
You worshipped Okawaru.
Okawaru was aware of your devotion.
You were not hungry.

You visited 2 branches of the dungeon, and saw 8 of its levels.
You also visited: Sewer.

You collected 25 gold pieces.

Inventory:

Hand Weapons
 a - a +0 war axe (weapon)
 q - a cursed -2 flail
Armour
 b - a +0 scale mail (worn)
 c - a +0 shield (worn)
 k - a +0 pair of gloves (worn)
Jewellery
 i - a cursed ring of teleportation {unknown}
Scrolls
 d - a scroll of remove curse {unknown}
 e - 2 scrolls of blinking {unknown}
 h - 3 scrolls of immolation {unknown}
 n - a scroll of enchant armour {unknown}
 o - a scroll of enchant weapon {unknown}
 p - 3 scrolls of identify {unknown}
 s - 3 scrolls of teleportation {unknown}
 u - a scroll of fog {unknown}
Potions
 g - 2 potions of lignification {unknown}
 j - a potion of magic {unknown}
 m - 2 potions of flight {unknown}
 r - a potion of experience {unknown}
 t - a potion of curing {unknown}
Comestibles
 f - 5 bread rations
 l - a beef jerky


   Skills:
 - Level 3.6 Fighting
 * Level 9.7 Axes
 - Level 3.6 Armour
 - Level 3.6 Shields


You had 6 spell levels left.
You didn't know any spells.

Dungeon Overview and Level Annotations

Branches:
Dungeon (7/15)             Temple (1/1) D:5

Altars:
Ashenzari
Cheibriados
Dithmenos
Elyvilon
Fedhas
Kikubaaqudgha
Nemelex Xobeh
Okawaru
Pakellas
Ru
Trog
Vehumet
Zin

Shops:
D:4 (


Innate Abilities, Weirdness & Mutations

You reflexively headbutt those who attack you in melee.
You have a pair of horns on your head.


Message History

The worker ant bites you.
* * * LOW HITPOINT WARNING * * *
Unknown command.
You slash the worker ant!
The worker ant is heavily wounded.
You block the worker ant's attack.
You closely miss the worker ant.
The worker ant is heavily wounded.
You block the worker ant's attack. The worker ant closely misses you.
You slash the worker ant!
You kill the worker ant!
Okawaru accepts your kill.
You see here a worker ant corpse.
Found a stone staircase leading down.
There is a stone staircase leading down here.
You climb downwards.
A quokka zombie comes into view.
Found 24 gold pieces.
Found a stone staircase leading down.
There is a stone staircase leading up here.
Unknown command.
You see here 10 gold pieces.
There is a stone staircase leading down here.
You climb downwards.
A giant gecko, a giant frog, 4 electric eels, 4 dart slugs and a howler monkey come into view.
The howler monkey howls!
The giant frog gives a loud, deep croak!
The giant gecko hisses angrily.
Found four items.
There is a stone staircase leading up here.
The electric eel shoots out a bolt of lightning at you!
The bolt of electricity hits you!
* * * LOW HITPOINT WARNING * * *
The electric eel shoots out a bolt of lightning at you!
The bolt of electricity hits you!
* * * LOW HITPOINT WARNING * * *
The bolt of electricity hits you!
* * * LOW HITPOINT WARNING * * *
The electric eel shoots out a bolt of lightning at you!
The bolt of electricity hits you!
You die...

.#. ≈ ≈≈Fw# .
≈≈ ≈#≈≈≈≈ # #≈
≈≈ h≈≈≈≈# ≈#
w≈≈#≈ #≈≈≈≈ ≈;.
≈≈#≈≈≈≈≈h≈ ≈≈≈≈
≈≈≈.≈≈#≈≈#≈≈≈≈≈
≈≈.≈≈≈F(!≈...≈#
≈≈.....@(....≈≈
≈≈.$≈≈!l.≈≈.≈≈≈
≈≈#≈≈;≈≈≈≈≈≈#≈;
≈≈≈≈≈≈≈≈≈≈≈≈≈≈≈
.≈≈≈≈≈≈≈≈≈≈;≈≈.
#≈≈≈≈≈≈≈#≈≈≈≈≈.
##≈≈≈≈≈≈≈≈≈≈≈..
##w≈≈##≈≈≈w..#


You could see 2 giant frogs, 2 howler monkeys, 4 electric eels, 4 dart slugs and
a giant gecko.

Vanquished Creatures
  Grinder (D:5)
  A centaur (D:5)
  3 scorpions
  Natasha (D:3)
  Terence (D:2)
  A worker ant (D:5)
  3 gnolls (D:3)
  3 river rats (Sewer)
  4 adders
  2 worms
  2 dart slugs
  A giant gecko (D:3)
  2 ball pythons (Sewer)
  10 goblins
  8 hobgoblins
  A kobold (D:3)
  6 bats
  2 giant newts (Sewer)
  8 rats
60 creatures vanquished.

Notes
Turn   | Place    | Note
-------+----------+-------------------------------------------
     0 | D:1      | Implojin the Minotaur Fighter began the quest for the Orb.
     0 | D:1      | Reached XP level 1. HP: 19/19 MP: 0/0
   106 | D:1      | Reached skill level 3 in Axes
   155 | D:2      | Reached XP level 2. HP: 25/26 MP: 1/1
   184 | D:2      | Reached skill level 4 in Axes
   186 | D:2      | Reached XP level 3. HP: 26/31 MP: 2/2
   257 | D:3      | Reached skill level 5 in Axes
   258 | D:3      | Reached XP level 4. HP: 16/39 MP: 3/3
   294 | D:3      | Noticed Natasha
   299 | D:3      | Killed Natasha
   317 | D:2      | Noticed Terence
   324 | D:2      | Killed Terence
   324 | D:2      | Reached skill level 6 in Axes
   353 | D:2      | Reached XP level 5. HP: 17/45 MP: 4/4
   420 | D:4      | Found Kuasior's Weapon Shoppe.
   511 | D:5      | Entered Level 5 of the Dungeon
   520 | D:5      | Reached skill level 7 in Axes
   523 | D:5      | Found a staircase to the Ecumenical Temple.
   524 | D:5      | Found a glowing drain.
   532 | Temple   | Entered the Ecumenical Temple
   613 | Temple   | Became a worshipper of Warmaster Okawaru
   650 | D:5      | Noticed a centaur
   660 | D:5      | Killed a centaur
   660 | D:5      | Reached XP level 6. HP: 20/51 MP: 5/5
   669 | Sewer    | Entered a sewer
   683 | Sewer    | Reached skill level 8 in Axes
   829 | D:5      | Noticed Grinder
   830 | D:5      | Paralysed by Grinder for 7 turns
   845 | D:5      | Killed Grinder
   845 | D:5      | Reached * piety under Okawaru
   845 | D:5      | Reached skill level 9 in Axes
   845 | D:5      | Reached XP level 7. HP: 11/57 MP: 6/6
   911 | D:4      | Found an ancient bone altar of Kikubaaqudgha.
   912 | D:4      | Found a sacrificial altar of Ru.
   950 | D:7      | HP: 2/57 [electric eel/bolt of electricity (8)]
   950 | D:7      | Killed from afar by an electric eel

Vault maps used:
D:1:      minmay_arrival_glassed_features
D:2:      kennysheep_the_goblin_king, uniq_terence
D:3:      old_standard_altar, uniq_natasha, uniq_sigmund
D:4:      gammafunk_temple_overflow_statue, serial_shops, nicolae_shop_trees,
          first_bread
D:5:      corexii_shack_village, portal_sewer_entry_b, roderic_aztec_sauvastika,
          uniq_grinder
D:6:      lemuel_crystal_altar, serial_glass, glass_columns_a, glass_columns_b,
          uniq_blork_the_orc
D:7:      kennysheep_slugbush, minmay_misc_feat_square
Temple:   nicolae_temple_figure_eight
Sewer:    sewer_co_cracked_pipes

Skill      XL: |  1  2  3  4  5  6 |
---------------+-------------------+-----
Axes           | 3 4 5 6 7 9 |  9.7
Fighting       | |  3.6
Armour         | |  3.6
Shields        | |  3.6

Action                   |  1- 3 |  4- 6 |  7- 9 || total
-------------------------+-------+-------+-------++-------
Melee: War axe           |    35 |    80 |     8 ||   123
       Headbutt          |     5 |    12 |       ||    17
  Use: Potion            |     1 |     1 |       ||     2
Armor: Scale mail        |    47 |    28 |     1 ||    76
Dodge: Dodged            |    21 |    31 |     1 ||    53
Block: Shield            |    47 |    41 |     5 ||    93

Table legend:
 A = Turns spent in this place as a percentage of turns spent in the entire game.
 B = Non-inter-level travel turns spent in this place as a percentage of non-inter-level travel turns spent in the entire game.
 C = Inter-level travel turns spent in this place as a percentage of turns spent in this place.
 D = Turns resting spent in this place as a percentage of non-inter-level travel turns spent in this place.
 E = Turns spent auto-exploring this place as a percentage of non-inter-level travel turns spent in this place.
 F = Non-inter-level travel turns spent in this place divided by the number of levels of this place that you've seen.
                   A       B       C       D       E      F
               +-------+-------+-------+-------+-------+----------------------
         Total | 100.0 | 100.0 |   0.0 |   0.0 |   0.0 | 108.8
       Dungeon |  75.4 |  75.4 |   0.0 |   0.0 |   0.0 | 105.4
        Temple |  10.7 |  10.7 |   0.0 |   0.0 |   0.0 | 105.0
         Sewer |  13.9 |  13.9 |   0.0 |   0.0 |   0.0 | 136.0
               +-------+-------+-------+-------+-------+----------------------

Table legend:
 A = Kills in this place as a percentage of kills in entire the game.
 B = Kills by you in this place as a percentage of kills by you in the entire game.
 C = Kills by friends in this place as a percentage of kills by friends in the entire game.
 D = Other kills in this place as a percentage of other kills in the entire game.
 E = Experience gained in this place as a percentage of experience gained in the entire game.
 F = Experience gained in this place divided by the number of levels of this place that you have seen.
                   A       B       C       D       E      F
               +-------+-------+-------+-------+-------+----------------------
         Total | 100.0 | 100.0 |  -nan |  -nan | 100.0 | 100.9
       Dungeon |  78.3 |  78.3 |  -nan |  -nan |  93.1 | 120.7
         Sewer |  21.7 |  21.7 |  -nan |  -nan |   6.9 |  63.0
               +-------+-------+-------+-------+-------+----------------------
